 Dungeon Crawl Stone Soup version 0.20.1-1-g8b1a95d (console) character file.

92 hilaritas the Shield-Bearer (level 4, -8/35 HPs)
             Began as a Formicid Fighter on Aug 12, 2017.
             Mangled by a worm (10 damage)
             ... on level 3 of the Dungeon.
             The game lasted 00:03:37 (2022 turns).

hilaritas the Shield-Bearer (Formicid Fighter)      Turns: 2022, Time: 00:03:38

Health: -8/35      AC:  6    Str: 26    XL:     4   Next: 90%
Magic:  4/4        EV:  8    Int:  8    God:
Gold:   76         SH: 10    Dex: 10    Spells: 3/3 levels left

rFire    . . .     SeeInvis +   a - +0 war axe
rCold    . . .     Gourm    .   c - +0 shield
rNeg     . . .     Faith    .   b - +0 scale mail
rPois    .         Spirit   .   (helmet unavailable)
rElec    .         Reflect  .   (no cloak)
rCorr    .         Harm     .   (no gloves)
MR       .....                  (no boots)
Stlth    ..........             (no amulet)
Regen    0.2/turn               (no ring)
MPRegen  0.1/turn               (no ring)

@: mighty
A: permanent stasis, dig shafts and tunnels, four strong arms, antennae 3
a: Dig, Shaft Self


You were on level 3 of the Dungeon.
You were not hungry.

You visited 1 branch of the dungeon, and saw 3 of its levels.

You collected 76 gold pieces.

Inventory:

Hand Weapons
 a - a +0 war axe (weapon)
 e - a +0 hand axe
 g - a +0 club
 j - a +0 whip
 t - a cursed -1 mace
Armour
 b - a +0 scale mail (worn)
 c - a +0 shield (worn)
Scrolls
 i - 3 scrolls of identify {unknown}
 k - 4 scrolls of remove curse {unknown}
 m - 2 scrolls of enchant armour {unknown}
 n - a scroll of random uselessness {unknown}
 o - a scroll of magic mapping {unknown}
 p - 2 scrolls of teleportation {unknown}
 s - a scroll of immolation {unknown}
Potions
 r - a potion of mutation {unknown}
 v - a potion of degeneration {unknown}
 w - a potion of heal wounds {unknown}
 x - a potion of agility {unknown}
Comestibles
 f - 2 bread rations
 h - 6 fruits
 l - 3 royal jellies
 u - 2 chunks of flesh


   Skills:
 - Level 3.2 Fighting
 * Level 4.0 Axes
 - Level 3.2 Armour
 + Level 4.5 Shields


You had 3 spell levels left.
You didn't know any spells.

Dungeon Overview and Level Annotations

Branches:
Dungeon (3/15)

Altars:
Trog


Innate Abilities, Weirdness & Mutations

You cannot be hasted, slowed, berserked, paralysed or teleported.
You can dig through walls and to a lower floor.
Your four strong arms can wield two-handed weapons with a shield.
You have a pair of large antennae on your head. (SInv)


Message History

* * * LOW HITPOINT WARNING * * *
It was a potion of curing.
You feel better. The worm bites you!
* * * LOW HITPOINT WARNING * * *
You feel better. The worm bites you!
* * * LOW HITPOINT WARNING * * *
You feel very mighty all of a sudden. The worm bites you!
* * * LOW HITPOINT WARNING * * *
You slash the worm!
The worm is almost dead.
You block the worm's attack.
You slash the worm!
You kill the worm!
You hit the worm.
The worm is moderately wounded.
You block the worm's attack.
You barely miss the worm.
The worm is lightly wounded.
The worm bites you!
You die...

.#.#####......... #.# #.#
###.............. #.# #.#
.#.###########... #.#
##.## ... ##....##.. #.#
#.... #.# .......### #.#
#..## .# ........# #.#
#..## .
...#....#########.####....
..
.w###...##.............###
..
_.#y#...w@.#.###########
.# ..###...####.# .#
...#....##...# ####
........#....# #... .
)......####.###########.##
. ##....# #...>.........#
# ##### ###############


You could see a moth of wrath and a worm (berserk).

Vanquished Creatures
  3 adders
  2 worms
  3 dart slugs
  An orc (D:3)
  7 bats
  4 giant cockroaches
  5 goblins
  5 hobgoblins
  4 jackals (D:3)
  8 kobolds
  A frilled lizard (D:2)
  9 rats
52 creatures vanquished.

Notes
Turn   | Place    | Note
-------+----------+-------------------------------------------
     0 | D:1      | hilaritas the Formicid Fighter began the quest for the Orb.
     0 | D:1      | Reached XP level 1. HP: 18/18 MP: 1/1
     2 | D:1      | Noticed a gargoyle
     4 | D:1      | Noticed a human
     4 | D:1      | Noticed a spriggan
     6 | D:1      | Noticed a draconian
     8 | D:1      | Noticed a vine stalker
     8 | D:1      | Noticed a formicid
    10 | D:1      | Noticed a dwarf
    10 | D:1      | Noticed a felid
    12 | D:1      | Noticed an octopode
    12 | D:1      | Noticed a troll
    14 | D:1      | Noticed an ogre
    14 | D:1      | Noticed a centaur
    16 | D:1      | Noticed a merfolk
    18 | D:1      | Noticed an elf
    18 | D:1      | Noticed a minotaur
    20 | D:1      | Noticed a demigod
    20 | D:1      | Noticed a vampire
    22 | D:1      | Noticed a naga
    22 | D:1      | Noticed a ghoul
    24 | D:1      | Noticed a tengu
    26 | D:1      | Noticed a halfling
    26 | D:1      | Noticed a demonspawn
   145 | D:1      | Reached XP level 2. HP: 21/24 MP: 2/2
  1051 | D:2      | Reached XP level 3. HP: 29/29 MP: 3/3
  1274 | D:2      | Reached XP level 4. HP: 24/35 MP: 4/4
  1993 | D:3      | Noticed a moth of wrath
  1996 | D:3      | Found a bloodstained altar of Trog.
  2022 | D:3      | Mangled by a worm

Skill      XL: |  1  2  3  4 |
---------------+-------------+-----
Shields        | 4 |  4.5
Axes           | 3 4 |  4.0
Fighting       | |  3.2
Armour         | |  3.2

Action                   |  1- 3 |  4- 6 || total
-------------------------+-------+-------++-------
Melee: War axe           |    85 |    61 ||   146
  Use: Potion            |       |     3 ||     3
  Eat: Chunk             |     1 |     3 ||     4
Armor: Scale mail        |    42 |    19 ||    61
Dodge: Dodged            |    19 |    12 ||    31
Block: Shield            |    52 |    30 ||    82
